 Dungeon Crawl Stone Soup version 0.30.1-6-gbe392663c4 (webtiles) character file.

Game seed: 12317868709621954852

662 Kurtz the Cleaver (level 7, -3/61 HPs)
             Began as a Tengu Fighter on Sept 20, 2023.
             Was a Follower of Okawaru.
             Slain by a yak (10 damage)
             ... on level 5 of the Dungeon.
             The game lasted 00:04:04 (3927 turns).

Kurtz the Cleaver (Tengu Fighter)                   Turns: 3927, Time: 00:04:05

Health: -3/61      AC: 12    Str: 25    XL:     7   Next: 56%
Magic:  8/8        EV:  8    Int:  8    God:    Okawaru [*.....]
Gold:   146        SH:  4    Dex: 13    Spells: 6/6 levels left

rFire   + . .        y - +2 hand axe (holy)
rCold   + . .        c - +0 buckler
rNeg    . . .        e - +0 plate armour
rPois   .            (helmet restricted)
rElec   .            A - scarf {rC+ rF+}
rCorr   .            z - +0 pair of gloves
SInv    .            (boots unavailable)
Will    .....        (no amulet) Stlth
                     o - +6 ring of strength
HPRegen 0.30/turn    (no ring)
MPRegen 0.11/turn

%: no passive effects
@: berserking (expiring), attractive, flying quickly and evasively, very quick
A: beak, talons 3, nimble flight
a: Renounce Religion, Heroism


You were on level 5 of the Dungeon.
You worshipped Okawaru.
Okawaru was aware of your devotion.
You visited 2 branches of the dungeon, and saw 6 of its levels.

You collected 146 gold pieces.

Inventory:

Hand Weapons
 s - a +2 heavy mace
 v - a +1 hammer of protection
 y - a +2 hand axe of holy wrath (weapon)
Missiles
 x - 5 poisoned darts (quivered)
Armour
 b - a +0 scale mail
 c - a +0 buckler (worn)
 e - a +0 plate armour (worn)
 z - a +0 pair of gloves (worn)
 A - a scarf of resistance (worn)
Jewellery
 o - a +6 ring of strength (left hand)
Scrolls
 a - a scroll of blinking {unknown}
 g - 2 scrolls of identify {unknown}
 i - 3 scrolls of noise {unknown}
 j - a scroll of torment {unknown}
 k - a scroll of magic mapping {unknown}
 l - a scroll of fog {unknown}
 m - a scroll of fear {unknown}
 p - 4 scrolls of teleportation {unknown}
 q - 2 scrolls of poison {unknown}
 w - a scroll of silence {unknown}
 B - 3 scrolls of vulnerability {unknown}
Potions
 d - 4 potions of might
 f - a potion of attraction
 h - a potion of berserk rage
 n - a potion of invisibility
 r - a potion of ambrosia {unknown}
 t - a potion of cancellation {unknown}
 u - a potion of haste {unknown}


   Skills:
 - Level 3.0 Fighting
 * Level 8.8 Axes
 - Level 3.2 Armour
 * Level 0.7 Dodging
 * Level 3.1 Shields
 * Level 0.5 Invocations


You had 6 spell levels left.
You didn't know any spells.
Your spell library contained the following spells:

 Spells                   Type           Power      Damage    Failure   Level
 Magic Dart               Conj           0%         1d3       100%        1
 Lesser Beckoning         Tloc           0%         N/A       100%        2
 Gell's Gravitas          Tloc           0%         N/A       100%        3
 Mephitic Cloud           Conj/Pois/Air  0%         N/A       100%        3
 Teleport Other           Tloc           0%         N/A       100%        3
 Fireball                 Conj/Fire      0%         3d3       100%        5
 Iskenderun's Battlesphe  Conj           0%         2d6       100%        5
 Conjure Ball Lightning   Conj/Air       0%         3x3d6     100%        6
 Orb of Destruction       Conj           0%         9d5       100%        7
 Discord                  Hex            0%         N/A       100%        8
 Disjunction              Tloc           0%         N/A       100%        8
 Call Imp                 Summ           Unusable   N/A       N/A         2

Dungeon Overview and Level Annotations

Branches:
Dungeon (5/15)             Temple (1/1) D:4

Altars:
Ashenzari
Cheibriados
Dithmenos
Elyvilon
Fedhas
Gozag
Hepliaklqana
Kikubaaqudgha
Makhleb
Nemelex Xobeh
Okawaru
Qazlal
Ru
Trog
Uskayaw
Vehumet
Xom
Yredelemnul
The Shining One

Shops:
D:1 *[=[=


Innate Abilities, Weirdness & Mutations

You have a beak for a mouth.
You have claws for feet.
Your magical nature lets you fly swiftly and evasively.


Message History

The yak is lightly wounded.
You closely miss the centaur. You completely miss something.
The centaur hits you.
The centaur kicks you but does no damage.
The centaur attacks as you move away! The centaur barely misses you.
The centaur kicks you but does no damage.
Found a troll leather armour.
The yak gores you!
* * * LOW HITPOINT WARNING * * *
Unknown command.
You completely miss the yak. Your kick misses the yak.
The yak is lightly wounded.
You miss something. You slash the centaur! The centaur barely misses you.
The centaur kicks you but does no damage.
You closely miss the centaur. Your kick misses the centaur.
Your peck misses the centaur.
The centaur is moderately wounded.
You hit something. You barely miss the yak. The centaur hits you.
* * * LOW HITPOINT WARNING * * *
The centaur closely misses you. Something hits you but does no damage.
The yak barely misses you. The yak is attracted toward you.
You feel less confused. The orc is attracted toward you.
The yak is attracted toward you. x2
You feel a strong urge to attack something.
The centaur is attracted toward you. The yak is attracted toward you.
Unknown command.
You slash the orc!
You kill the orc!
Okawaru accepts your kill.
You barely miss something. You slash the yak!
The centaur is attracted toward you. The yak is attracted toward you.
Unknown command.
You slash the centaur!
You kill the centaur!
Okawaru is honoured by your kill.
You can now gain great but temporary skills.
You slash something! Okawaru accepts your kill.
Reactivating autopickup.
You feel a bit more experienced.
You slash the yak! The yak gores you!
You die...

......##.. .######...
#... ##.#. .
################..##
..###.........§.§.Y...#
#.......§o........§.#.#
#.....))Y§§........#[.#
#[....@YY..........##..
#.#................# #.
##...............# #
###..>..........#
##............#
###.........##
###.......# ####....#
######


You could see 3 yaks and an orc.

Vanquished Creatures
  Eustachio (D:4)
  An ice beast (D:3)
  A centaur (D:5)
  2 jellies
  A hound (D:4)
  Crazy Yiuf (D:3)
  Jessica (D:3)
  Natasha (twice) (D:3)
  3 orc wizards
  A mummy (D:4)
  4 gnolls
  5 adders
  2 worms (D:2)
  5 dart slugs
  6 orcs
  5 ball pythons
  3 bats
  4 endoplasms
  5 giant cockroaches
  6 goblins
  5 hobgoblins
  3 jackals (D:2)
  3 quokkas
  5 frilled lizards
  4 kobolds
  7 rats
86 creatures vanquished.

Notes
Turn   | Place    | Note
-------+----------+-------------------------------------------
     0 | D:1      | Kurtz the Tengu Fighter began the quest for the Orb.
     0 | D:1      | Reached XP level 1. HP: 14/14 MP: 2/2
    12 | D:1      | Found Ruimasis's Jewellery Emporium.
    96 | D:1      | Reached XP level 2. HP: 19/19 MP: 3/3
   130 | D:1      | Reached skill level 3 in Axes
   246 | D:1      | Found Doah's General Store.
   327 | D:1      | Found Ducisow's Antique Armour Emporium.
   356 | D:1      | Reached XP level 3. HP: 23/23 MP: 4/4
   410 | D:1      | Found Osusyo's Armour Boutique.
   487 | D:1      | Reached skill level 4 in Axes
   578 | D:1      | Found Qifor's Jewellery Emporium.
  1016 | D:2      | Reached XP level 4. HP: 28/28 MP: 5/5
  1042 | D:2      | Reached skill level 5 in Axes
  1302 | D:2      | Gained mutation: Your magical nature lets you fly swiftly
                  | and evasively. [Tengu growth]
  1302 | D:2      | Reached XP level 5. HP: 32/32 MP: 6/6
  1616 | D:3      | Noticed Natasha
  1625 | D:3      | Killed Natasha
  1794 | D:3      | Noticed Natasha
  1820 | D:3      | Reached skill level 6 in Axes
  1828 | D:3      | Killed Natasha
  1938 | D:3      | Noticed Jessica
  1947 | D:3      | Killed Jessica
  2123 | D:3      | Noticed an ice beast
  2131 | D:3      | Killed an ice beast
  2132 | D:3      | Reached skill level 7 in Axes
  2132 | D:3      | Reached XP level 6. HP: 20/37 MP: 7/7
  2368 | D:3      | Found a runed translucent door.
  2369 | D:3      | Noticed Crazy Yiuf
  2935 | D:4      | Found a snail-covered altar of Cheibriados.
  3067 | D:4      | Identified the +2 leather armour of the Final Loafs {Will+
                  | Str+8}
  3149 | D:4      | Found a stormy altar of Qazlal.
  3170 | D:4      | Reached skill level 8 in Axes
  3170 | D:4      | Reached XP level 7. HP: 35/41 MP: 8/8
  3207 | D:4      | Found a staircase to the Ecumenical Temple.
  3218 | Temple   | Entered the Ecumenical Temple
  3300 | Temple   | Became a worshipper of Warmaster Okawaru
  3324 | D:4      | Noticed Eustachio
  3336 | D:4      | Killed Eustachio
  3698 | D:3      | Killed Crazy Yiuf
  3763 | D:5      | Entered Level 5 of the Dungeon
  3895 | D:5      | Noticed a yak
  3895 | D:5      | Noticed a yak
  3896 | D:5      | Noticed a yak
  3896 | D:5      | Noticed a yak
  3927 | D:5      | Reached * piety under Okawaru
  3927 | D:5      | Slain by a yak

Illustrated notes

Levels and vault maps discovered:
D:1:      dpeg_arrival_windows_large_door, layout_basic, serial_shops,
          nicolae_shop_tiny_statue_garden, nicolae_shop_waterfront,
          nicolae_shop_trees, nicolae_shop_window_shopping, nicolae_diamond_shop
D:2:      layout_loops_ring, corexii_shack, minmay_split_cup_small
D:3:      layout_loops_ring, chequers_garden, serial_bayou_ford_a, uniq_jessica,
          uniq_crazy_yiuf_cottage, uniq_natasha
D:4:      layout_basic, slow_altar_2, nicolae_overflow_crystal_walls,
          nicolae_overflow_hidden_temple, minmay_temple_entry_mist,
          uniq_eustachio
D:5:      layout_cave_pods, mainiacjoe_overflow_swirl
Temple:   minmay_temple_bridge_d

Skill      XL: |  1  2  3  4  5  6 |
---------------+-------------------+-----
Axes           | 3 4 5 7 8 |  8.8
Fighting       | |  3.0
Armour         | |  3.2
Dodging        | |  0.7
Shields        | |  3.1
Invocations    | |  0.5

Action                     |  1- 3 |  4- 6 |  7- 9 || total
---------------------------+-------+-------+-------++-------
  Melee: War axe           |    58 |    91 |       ||   149
         Kick              |     8 |    28 |     3 ||    39
         Peck              |     7 |    21 |     4 ||    32
         Hand axe          |       |    14 |    21 ||    35
         Mace              |       |     9 |       ||     9
  Throw: Dart              |       |       |     4 ||     4
  Evoke: Wand              |       |       |     2 ||     2
    Use: Potion            |       |       |     2 ||     2
 Armour: Scale mail        |     5 |       |       ||     5
         Plate armour      |    32 |    77 |    11 ||   120
  Dodge: Dodged            |    14 |    38 |    10 ||    62
  Block: Buckler           |     8 |    15 |     5 ||    28
